 Dungeon Sprint DCSS version 0.19.0-2-gae57169 (webtiles) character file.

1011 LORDOFBUTT the Imperceptible (level 8, -4/37 HPs)
             Began as a Spriggan Assassin on Nov 2, 2016.
             Engulfed by a cloud of steam (12 damage)
             ... in the Dungeon (Sprint II: "The Violet Keep of Menkaure").
             The game lasted 00:01:07 (107 turns).

LORDOFBUTT the Imperceptible (Spriggan Assassin)     Turns: 107, Time: 00:01:08

Health: -4/37      AC:  3    Str:  7    XL:     8   Next: 1%
Magic:  9/9        EV: 17    Int: 12    God:
Gold:   729        SH:  0    Dex: 20    Spells: 0 memorised, 7 levels left

rFire  . . .     SeeInvis +     a - +2 dagger
rCold  . . .     Gourm    .     c - +0 robe
rNeg   . . .     Faith    .     (shield restricted)
rPois  .         Spirit   .     (helmet restricted)
rElec  .         Reflect  .     d - +0 cloak
rCorr  .         Harm     .     (gloves unavailable)
MR     +....     NoTele   +     (boots unavailable)
Stlth  +++++.....               (no amulet)
                                (no ring)
                                (no ring)

@: very quick
A: unfitting armour, see invisible, herbivore 3, speed 3, slow metabolism 2
a: no special abilities


You were in the Dungeon.
You were not hungry.

You visited 1 branch You collected 729 gold pieces.

Inventory:

Hand Weapons
 a - a +2 dagger (weapon)
 b - a +0 blowgun
Missiles
 e - 7 poisoned needles
Armour
 c - a +0 robe (worn)
 d - a +0 cloak (worn)
Scrolls
 m - a scroll of blinking
Potions
 h - a potion of curing
 i - a potion of heal wounds
 j - a potion of haste
 k - 2 potions of magic
 l - a potion of berserk rage
Comestibles
 g - a bread ration


   Skills:
 - Level 1.5 Fighting
 - Level 2.1 Short Blades
 - Level 2.0 Throwing
 - Level 1.5 Dodging
 + Level 23.7 Stealth


You had 7 spell levels left.
You didn't know any spells.

Dungeon Overview and Level Annotations

Branches:
Dungeon (1/1)

Altars:

Shops:
D [[?=!:=}[![


Innate Abilities, Weirdness & Mutations

You are very small and have problems with some larger weapons.
You are too small for most types of armour.
You have supernaturally acute eyesight. (SInv)
You are a herbivore.
You cover ground extremely quickly.
You need consume almost no food.


Message History

You enter the shallow water.
Moving in this stuff is going to be slow.
Found Ittalicw's Book Boutique and Kileun's Jewellery Shop.
Found Yfitaonk's Jewellery Shop and Baofyhud's Distillery.
Found Edoabloxt's Magic Scroll Shop.
Found 81 gold pieces.
Found Liafel's Antique Armour Shop and Elilutyk's Armour Boutique.
The tyrant leech completely misses you.
The flying skull gives a hideous shriek!
The tyrant leech bites you!!
Ouch! That really hurt!
The tyrant leech draws strength from your injuries!
The flying skull gives a hideous shriek! x3
You hear a hideous shriek!
The flying skull gives a hideous shriek! x2
The tyrant leech bites you.
* * * LOW HITPOINT WARNING * * *
The tyrant leech draws strength from your injuries!
You are engulfed in a cloud of scalding steam.
You die...

∩.∩.#≈##.###w# #.##
.∩.∩#≈#...##.###..# .#
..∩.+≈+.#.'.<.'.##+ .###
...∩#≈#.).##w###†.#....#
▓▓###≈##.###'# #†##.....
#####≈≈### .#. ###≈≈..§.
##≈≈≈#.. ..#≈≈≈≈≈§≈.
#+#≈##$ .##§≈≈≈§≈§
#≈≈##+##≈@≈§§§≈≈
##≈≈≈≈≈w≈≈≈≈§§§
#+++#+++#≈≈§§≈§


zzzz§ #≈≈≈## .§z§§.z.. #≈≈# +..§§.§§§§..+≈§# ##..§§§.§§.## ≈≈≈ ##...§.§§## ###
####+#### You could see a tyrant leech and 2 flying skulls.

Vanquished Creatures
  A siren (D)
  4 neqoxecs (D)
  A crocodile (D)
  4 worker ants (D)
10 creatures vanquished.

Vanquished Creatures (others)
  Menkaure (D)
1 creature vanquished.

Grand Total: 11 creatures vanquished

Notes
Turn   | Place    | Note
-------+----------+-------------------------------------------
     0 | D        | LORDOFBUTT the Spriggan Assassin began the quest for the Orb.
     0 | D        | Reached XP level 1. HP: 10/10 MP: 2/2
     1 | D        | Noticed a tyrant leech
     1 | D        | Noticed a tyrant leech
     5 | D        | Noticed a siren
    16 | D        | Killed a siren
    16 | D        | Reached skill level 19 in Stealth
    16 | D        | Reached XP level 2. HP: 14/14 MP: 3/3
    16 | D        | Reached XP level 3. HP: 18/18 MP: 4/4
    16 | D        | Reached XP level 4. HP: 22/22 MP: 5/5
    16 | D        | Reached XP level 5. HP: 25/25 MP: 6/6
    16 | D        | Reached XP level 6. HP: 30/30 MP: 7/7
    25 | D        | Noticed a neqoxec
    28 | D        | Killed a neqoxec
    28 | D        | Reached skill level 20 in Stealth
    29 | D        | Noticed a neqoxec
    30 | D        | Killed a neqoxec
    30 | D        | Reached skill level 21 in Stealth
    30 | D        | Reached XP level 7. HP: 33/33 MP: 8/8
    31 | D        | Noticed a neqoxec
    31 | D        | Noticed a neqoxec
    33 | D        | Killed a neqoxec
    33 | D        | Reached skill level 22 in Stealth
    35 | D        | Killed a neqoxec
    35 | D        | Reached skill level 23 in Stealth
    61 | D        | Killed Menkaure
    84 | D        | Found Ushewog's Distillery.
    86 | D        | Reached XP level 8. HP: 37/37 MP: 9/9
    87 | D        | Found Ulohec's Gadget Shop.
    87 | D        | Found Raumoras's Antique Armour Boutique.
    87 | D        | Found Laufyor's Antique Armour Shop.
    88 | D        | Found Ittalicw's Book Boutique.
    88 | D        | Found Kileun's Jewellery Shop.
    90 | D        | Found Yfitaonk's Jewellery Shop.
    90 | D        | Found Baofyhud's Distillery.
    91 | D        | Found Edoabloxt's Magic Scroll Shop.
    92 | D        | Found Liafel's Antique Armour Shop.
    92 | D        | Found Elilutyk's Armour Boutique.
    92 | D        | Noticed a spiny frog
    98 | D        | Noticed a flying skull
   100 | D        | Noticed a flying skull
   100 | D        | Noticed a flying skull
   103 | D        | Noticed a flying skull
   103 | D        | Noticed a flying skull
   103 | D        | Noticed a flying skull
   103 | D        | Noticed a flying skull
   103 | D        | Noticed a flying skull
   103 | D        | Noticed a flying skull
   103 | D        | Noticed a flying skull
   104 | D        | Noticed a flying skull
   104 | D        | Noticed a flying skull
   107 | D        | Engulfed by a cloud of steam

Skill      XL: |  1  2  3  4  5  6  7 |
---------------+----------------------+-----
Stealth        | 19 21 23 | 23.7
Fighting       | |  1.5
Short Blades   | |  2.1
Throwing       | |  2.0
Dodging        | |  1.5

Action                   |  1- 3 |  4- 6 |  7- 9 || total
-------------------------+-------+-------+-------++-------
Melee: Dagger            |     5 |     2 |     7 ||    14
 Fire: Blowgun           |     2 |       |     2 ||     4
 Stab: Sleeping          |     1 |     2 |     7 ||    10
Dodge: Dodged            |       |       |     2 ||     2
